General information
- name: BNet
- type: Ladder team game (AT/RT)
- host: Battle.net
- saver: GapInTheTooth
map: Highperch
- players: 6
- length: 112:10
- speed: Fast
- version: 1.21 W3XP
- replay type: Public
» download(465 KB)
Players
team 1 (winner)
GapInTheTooth (
teal | 32 APM | 3643 actions | 112:10)
5 Blood Mage
3 Flame Strike
1 Siphon Mana
1 Banish
3 Archmage
2 Brilliance Aura
1 Blizzard
» actions
| Assign group hotkey | 27 | |
| Basic commands | 81 | |
| Build / train | 110 | |
| ESC pressed | 23 | |
| Enter build submenu | 63 | |
| Enter hero's abilities submenu | 9 | |
| Give item / drop item | 1 | |
| Right click | 1773 | |
| Select / deselect | 1145 | |
| Select group hotkey | 167 | |
| Use ability | 244 | |
3643 total
» units
| Peasant | 14 | |
| Dragonhawk Rider | 26 | |
40 total
» upgrades
| Masonry | 3 | |
| Lumber Harvesting | 2 | |
| Magic Sentry | 1 | |
| Swords | 3 | |
| Armor | 3 | |
| Animal War Training | 1 | |
| Cloud | 1 | |
14 total
» buildings
| Lumber Mill | 1 | |
| Farm | 21 | |
| Altar of Kings | 1 | |
| Scout Tower | 59 | |
| Guard Tower | 19 | |
| Keep | 1 | |
| Arcane Vault | 3 | |
| Gryphon Aviary | 5 | |
| Arcane Sanctum | 1 | |
| Town Hall | 1 | |
| Barracks | 1 | |
| Castle | 1 | |
| Blacksmith | 1 | |
| Arcane Tower | 4 | |
119 total
» build order
00:08 Lumber Mill
00:38 Farm
00:42 Altar of Kings
00:50 Scout Tower
01:09 Scout Tower
01:37 Guard Tower
01:41 Scout Tower
01:47 Guard Tower
02:02 Farm
02:10 Guard Tower
02:12 Scout Tower
02:19 Scout Tower
02:38 Scout Tower
02:41 Guard Tower
02:44 Scout Tower
02:47 Guard Tower
03:30 Keep
03:51 Scout Tower
03:52 Scout Tower
03:53 Scout Tower
04:06 Scout Tower
04:07 Scout Tower
04:07 Scout Tower
04:09 Scout Tower
04:19 Scout Tower
04:20 Scout Tower
04:28 Farm
04:32 Arcane Vault
04:46 Guard Tower
04:55 Scout Tower
04:56 Scout Tower
04:56 Scout Tower
04:57 Scout Tower
05:03 Scout Tower
05:03 Scout Tower
05:49 Guard Tower
05:58 Guard Tower
06:01 Arcane Vault
06:02 Guard Tower
06:09 Gryphon Aviary
06:10 Gryphon Aviary
06:30 Gryphon Aviary
07:12 Scout Tower
07:28 Arcane Sanctum
07:33 Farm
07:34 Farm
07:51 Guard Tower
07:56 Scout Tower
08:27 Scout Tower
08:29 Scout Tower
08:53 Farm
08:55 Farm
08:59 Farm
09:00 Farm
09:53 Guard Tower
09:56 Farm
10:07 Town Hall
10:26 Farm
10:26 Farm
10:30 Barracks
11:41 Castle
11:50 Blacksmith
12:27 Arcane Tower
27:02 Scout Tower
27:04 Scout Tower
27:05 Scout Tower
27:06 Scout Tower
27:08 Scout Tower
27:09 Scout Tower
27:20 Scout Tower
27:22 Scout Tower
27:25 Scout Tower
27:27 Scout Tower
28:00 Arcane Tower
29:44 Scout Tower
29:46 Scout Tower
29:50 Scout Tower
29:52 Scout Tower
30:47 Guard Tower
30:55 Scout Tower
31:02 Scout Tower
32:22 Guard Tower
32:25 Guard Tower
32:36 Scout Tower
33:33 Guard Tower
37:28 Scout Tower
37:29 Scout Tower
37:30 Scout Tower
37:33 Scout Tower
37:34 Scout Tower
37:36 Scout Tower
37:40 Scout Tower
37:41 Scout Tower
37:41 Scout Tower
38:14 Guard Tower
38:19 Farm
38:20 Farm
38:46 Arcane Tower
39:06 Arcane Tower
43:24 Gryphon Aviary
43:39 Gryphon Aviary
49:32 Scout Tower
49:35 Scout Tower
49:38 Scout Tower
49:43 Scout Tower
51:05 Guard Tower
51:14 Scout Tower
51:19 Scout Tower
51:22 Scout Tower
51:45 Guard Tower
57:29 Farm
57:32 Farm
58:04 Guard Tower
72:06 Arcane Vault
97:55 Farm
98:04 Farm
102:20 Farm
102:48 Farm
107:22 Farm
» items
| Staff of Teleportation | 3 | |
| Boots of Speed | 2 | |
| Potion of Lesser Invulnerability | 4 | |
| Scroll of Town Portal | 4 | |
| Potion of Invisibility | 2 | |
| Orb of Lightning | 2 | |
| Mechanical Critter | 3 | |
| Staff of Sanctuary | 1 | |
21 total
GOKUMAN69 (
orange | 33 APM | 3716 actions | 112:08)
6 Blademaster
3 Wind Walk
2 Critical Strike
1 Bladestorm
3 Goblin Alchemist
1 Chemical Rage
2 Acid Bomb
» actions
| Basic commands | 18 | |
| Build / train | 67 | |
| Enter build submenu | 72 | |
| Enter hero's abilities submenu | 10 | |
| Give item / drop item | 4 | |
| Remove unit from queue | 3 | |
| Right click | 1919 | |
| Select / deselect | 1287 | |
| Use ability | 336 | |
3716 total
» units
| Peon | 11 | |
| Troll Batrider | 10 | |
| Wind Rider | 12 | |
33 total
» upgrades
| Reinforced Defenses | 1 | |
| Liquid Fire | 1 | |
| Ranged Weapons | 3 | |
| Armor | 3 | |
| Envenomed Spears | 1 | |
9 total
» buildings
| War Mill | 1 | |
| Altar of Storms | 1 | |
| Orc Burrow | 6 | |
| Watch Tower | 49 | |
| Voodoo Lounge | 2 | |
| Stronghold | 1 | |
| Fortress | 1 | |
| Beastiary | 2 | |
63 total
» build order
00:06 War Mill
00:10 Altar of Storms
00:21 Orc Burrow
01:52 Watch Tower
02:05 Watch Tower
02:15 Voodoo Lounge
02:42 Watch Tower
03:03 Watch Tower
03:40 Stronghold
03:42 Watch Tower
03:44 Watch Tower
04:02 Watch Tower
04:36 Watch Tower
04:58 Watch Tower
05:36 Watch Tower
05:49 Watch Tower
05:56 Watch Tower
05:57 Watch Tower
06:58 Fortress
08:07 Voodoo Lounge
08:09 Watch Tower
08:13 Watch Tower
08:53 Beastiary
09:42 Watch Tower
09:52 Beastiary
10:00 Orc Burrow
10:18 Watch Tower
10:24 Orc Burrow
11:01 Watch Tower
11:19 Watch Tower
11:50 Watch Tower
12:55 Watch Tower
13:46 Watch Tower
13:49 Watch Tower
13:52 Watch Tower
13:53 Watch Tower
13:54 Watch Tower
14:08 Watch Tower
14:12 Watch Tower
15:42 Orc Burrow
17:14 Orc Burrow
17:16 Orc Burrow
19:16 Watch Tower
19:21 Watch Tower
19:25 Watch Tower
20:11 Watch Tower
21:10 Watch Tower
21:19 Watch Tower
22:05 Watch Tower
22:20 Watch Tower
23:30 Watch Tower
23:48 Watch Tower
23:55 Watch Tower
24:44 Watch Tower
24:57 Watch Tower
25:04 Watch Tower
25:50 Watch Tower
26:00 Watch Tower
26:04 Watch Tower
28:05 Watch Tower
28:07 Watch Tower
30:33 Watch Tower
31:31 Watch Tower
» items
| Boots of Speed | 1 | |
| Healing Salve | 1 | |
| Lesser Clarity Potion | 1 | |
| Orb of Lightning | 1 | |
| Scroll of Town Portal | 1 | |
5 total
MissGoodManner (
red | 42 APM | 4737 actions | 112:08)
7 Warden
3 Shadow Strike
3 Blink
1 Spirit of Vengeance
» actions
| Assign group hotkey | 27 | |
| Basic commands | 81 | |
| Build / train | 100 | |
| Enter build submenu | 19 | |
| Enter hero's abilities submenu | 7 | |
| Give item / drop item | 1 | |
| Remove unit from queue | 8 | |
| Right click | 3354 | |
| Select / deselect | 769 | |
| Select group hotkey | 7 | |
| Use ability | 364 | |
4737 total
» units
| Wisp | 26 | |
| Druid of the Talon | 34 | |
60 total
» upgrades
| Druid of the Talon Training | 2 | |
| Strength of the Wild | 3 | |
| Reinforced Hides | 3 | |
| Mark of the Talon | 1 | |
| Ultravision | 1 | |
| Well Spring | 1 | |
11 total
» buildings
| Altar of Elders | 1 | |
| Moon Well | 8 | |
| Tree of Ages | 1 | |
| Tree of Life | 2 | |
| Ancient of Wind | 2 | |
| Tree of Eternity | 1 | |
| Hunter's Hall | 1 | |
| Arcane Tower | 1 | |
| Ancient of Wonders | 2 | |
19 total
» build order
00:12 Altar of Elders
00:16 Moon Well
01:41 Moon Well
02:13 Moon Well
03:00 Moon Well
03:45 Moon Well
04:18 Moon Well
05:18 Moon Well
05:30 Tree of Ages
05:36 Moon Well
07:45 Tree of Life
08:04 Ancient of Wind
08:43 Ancient of Wind
09:05 Tree of Life
10:34 Tree of Eternity
12:03 Hunter's Hall
34:07 Arcane Tower
41:25 Ancient of Wonders
41:56 Ancient of Wonders
» items
| Orb of Lightning | 1 | |
| Tiny Great Hall | 1 | |
| Staff of Teleportation | 5 | |
| Ivory Tower | 1 | |
| Potion of Lesser Invulnerability | 1 | |
| Scroll of Town Portal | 1 | |
10 total
team 2 (loser)
gogetit (
green | 35 APM | 3880 actions | 112:06)
6 Archmage
2 Blizzard
3 Brilliance Aura
1 Mass Teleport
4 Mountain King
2 Storm Bolt
2 Bash
2 Paladin
1 Holy Light
1 Divine Shield
» actions
| Assign group hotkey | 11 | |
| Basic commands | 12 | |
| Build / train | 158 | |
| Enter build submenu | 103 | |
| Enter hero's abilities submenu | 13 | |
| Give item / drop item | 7 | |
| Right click | 2438 | |
| Select / deselect | 839 | |
| Select group hotkey | 67 | |
| Use ability | 232 | |
3880 total
» units
| Peasant | 22 | |
| Dragonhawk Rider | 21 | |
| Gryphon Rider | 10 | |
53 total
» upgrades
| Masonry | 2 | |
| Lumber Harvesting | 1 | |
| Magic Sentry | 1 | |
| Swords | 3 | |
| Storm Hammers | 1 | |
| Cloud | 1 | |
| Animal War Training | 1 | |
| Armor | 1 | |
11 total
» buildings
| Altar of Kings | 1 | |
| Farm | 14 | |
| Lumber Mill | 1 | |
| Scout Tower | 73 | |
| Guard Tower | 61 | |
| Keep | 1 | |
| Gryphon Aviary | 2 | |
| Arcane Vault | 1 | |
| Arcane Sanctum | 1 | |
| Arcane Tower | 3 | |
| Town Hall | 1 | |
| Barracks | 1 | |
| Castle | 1 | |
| Blacksmith | 1 | |
162 total
» build order
00:13 Altar of Kings
00:20 Farm
00:42 Lumber Mill
00:57 Farm
02:04 Scout Tower
02:06 Scout Tower
02:33 Guard Tower
02:36 Scout Tower
02:37 Guard Tower
02:39 Scout Tower
03:09 Scout Tower
03:10 Guard Tower
03:11 Guard Tower
03:13 Scout Tower
03:39 Guard Tower
03:44 Scout Tower
03:46 Guard Tower
04:15 Guard Tower
04:17 Scout Tower
04:21 Scout Tower
04:38 Keep
04:46 Guard Tower
05:02 Scout Tower
05:10 Scout Tower
05:13 Scout Tower
05:14 Guard Tower
05:47 Scout Tower
05:49 Guard Tower
06:09 Guard Tower
06:27 Scout Tower
06:29 Guard Tower
06:58 Scout Tower
06:59 Guard Tower
07:09 Gryphon Aviary
07:11 Gryphon Aviary
07:15 Arcane Vault
07:19 Scout Tower
07:50 Guard Tower
07:51 Scout Tower
07:56 Scout Tower
07:57 Guard Tower
08:02 Arcane Sanctum
08:26 Arcane Tower
09:07 Town Hall
09:21 Guard Tower
10:25 Scout Tower
11:04 Arcane Tower
11:07 Scout Tower
11:44 Guard Tower
11:45 Farm
12:16 Scout Tower
12:27 Farm
13:09 Scout Tower
13:10 Guard Tower
13:12 Farm
13:43 Guard Tower
14:02 Scout Tower
14:36 Barracks
14:37 Castle
14:39 Guard Tower
14:42 Blacksmith
21:57 Scout Tower
22:30 Guard Tower
22:33 Scout Tower
23:09 Scout Tower
23:10 Guard Tower
23:39 Guard Tower
23:42 Scout Tower
24:11 Guard Tower
24:14 Scout Tower
24:49 Scout Tower
24:52 Scout Tower
24:55 Scout Tower
25:00 Scout Tower
25:04 Guard Tower
25:16 Farm
25:22 Guard Tower
25:28 Scout Tower
25:33 Scout Tower
25:34 Guard Tower
25:39 Scout Tower
25:43 Scout Tower
25:45 Guard Tower
26:01 Guard Tower
26:06 Scout Tower
26:12 Farm
26:17 Scout Tower
26:21 Scout Tower
26:25 Scout Tower
26:27 Guard Tower
26:30 Scout Tower
26:41 Scout Tower
26:43 Guard Tower
26:51 Scout Tower
26:52 Guard Tower
27:00 Guard Tower
27:03 Scout Tower
27:10 Farm
27:27 Guard Tower
27:29 Scout Tower
27:50 Farm
27:53 Guard Tower
27:56 Scout Tower
28:00 Scout Tower
28:02 Guard Tower
28:03 Guard Tower
28:06 Scout Tower
28:35 Farm
28:43 Scout Tower
28:44 Guard Tower
28:45 Guard Tower
28:49 Scout Tower
28:50 Guard Tower
28:59 Scout Tower
29:21 Farm
29:26 Scout Tower
29:29 Scout Tower
29:31 Guard Tower
29:37 Scout Tower
29:38 Guard Tower
30:03 Scout Tower
30:04 Guard Tower
30:07 Farm
30:12 Scout Tower
30:13 Guard Tower
30:20 Scout Tower
30:22 Guard Tower
30:38 Scout Tower
30:40 Guard Tower
30:49 Scout Tower
31:01 Scout Tower
31:05 Farm
31:08 Guard Tower
31:13 Scout Tower
32:11 Scout Tower
32:12 Guard Tower
32:16 Scout Tower
32:18 Guard Tower
32:24 Scout Tower
32:26 Guard Tower
32:42 Guard Tower
32:46 Scout Tower
32:51 Scout Tower
32:54 Guard Tower
33:08 Scout Tower
33:11 Guard Tower
33:16 Guard Tower
33:20 Scout Tower
33:33 Scout Tower
33:36 Guard Tower
33:37 Guard Tower
33:41 Scout Tower
33:57 Guard Tower
34:20 Scout Tower
34:47 Guard Tower
40:17 Guard Tower
41:03 Scout Tower
41:13 Scout Tower
41:36 Guard Tower
41:55 Guard Tower
58:24 Farm
» items
| Boots of Speed | 1 | |
| Potion of Lesser Invulnerability | 2 | |
| Staff of Teleportation | 1 | |
| Dust of Appearance | 1 | |
| Scroll of Town Portal | 1 | |
| Orb of Fire | 1 | |
| Scroll of Regeneration | 1 | |
| Potion of Healing | 1 | |
| Staff of Sanctuary | 1 | |
| Orb of Lightning | 1 | |
11 total
IceIceTimmy (
yellow | 21 APM | 2300 actions | 112:07)
7 Warden
3 Shadow Strike
3 Blink
1 Spirit of Vengeance
2 Priestess of the Moon
1 Scout
1 Trueshot Aura
» actions
| Assign group hotkey | 12 | |
| Build / train | 64 | |
| Enter build submenu | 19 | |
| Enter hero's abilities submenu | 10 | |
| Give item / drop item | 5 | |
| Right click | 1157 | |
| Select / deselect | 415 | |
| Select group hotkey | 433 | |
| Use ability | 185 | |
2300 total
» units
| Wisp | 12 | |
| Druid of the Talon | 15 | |
| Hippogryph | 6 | |
| Chimaera | 3 | |
36 total
» upgrades
| Druid of the Talon Training | 2 | |
| Mark of the Talon | 1 | |
| Corrosive Breath | 1 | |
4 total
» buildings
| Altar of Elders | 1 | |
| Moon Well | 13 | |
| Tree of Ages | 2 | |
| Tree of Eternity | 1 | |
| Ancient of Wind | 2 | |
| Ancient of Wonders | 1 | |
| Chimaera Roost | 1 | |
21 total
» build order
00:06 Altar of Elders
00:09 Moon Well
01:15 Moon Well
01:25 Moon Well
03:36 Tree of Ages
03:41 Moon Well
04:10 Moon Well
05:19 Moon Well
05:30 Moon Well
06:02 Tree of Eternity
06:30 Moon Well
06:34 Moon Well
06:46 Ancient of Wind
07:45 Moon Well
07:48 Moon Well
08:29 Ancient of Wind
08:54 Moon Well
09:28 Moon Well
19:10 Tree of Ages
31:05 Ancient of Wonders
32:59 Chimaera Roost
» items
| Potion of Lesser Invulnerability | 1 | |
| Staff of Teleportation | 2 | |
| Tiny Great Hall | 1 | |
| Scroll of Town Portal | 3 | |
| Boots of Speed | 1 | |
| Orb of Lightning | 1 | |
9 total
likebutter (
pink | 30 APM | 3326 actions | 112:05)
5 Blademaster
3 Wind Walk
2 Critical Strike
4 Far Seer
1 Far Sight
2 Chain Lighting
1 Feral Spirit
» actions
| Assign group hotkey | 8 | |
| Basic commands | 31 | |
| Build / train | 90 | |
| ESC pressed | 1 | |
| Enter build submenu | 62 | |
| Enter hero's abilities submenu | 8 | |
| Give item / drop item | 6 | |
| Remove unit from queue | 1 | |
| Right click | 2103 | |
| Select / deselect | 746 | |
| Select group hotkey | 36 | |
| Use ability | 234 | |
3326 total
» units
| Peon | 19 | |
| Troll Batrider | 21 | |
| Wind Rider | 18 | |
58 total
» upgrades
| Spiked Barricades | 1 | |
| Reinforced Defenses | 1 | |
| Envenomed Spears | 1 | |
| Armor | 3 | |
| Ranged Weapons | 3 | |
| Liquid Fire | 1 | |
10 total
» buildings
| Altar of Storms | 3 | |
| Orc Burrow | 8 | |
| War Mill | 1 | |
| Barracks | 1 | |
| Watch Tower | 37 | |
| Stronghold | 1 | |
| Voodoo Lounge | 1 | |
| Beastiary | 2 | |
| Great Hall | 1 | |
| Fortress | 1 | |
56 total
» build order
00:12 Altar of Storms
00:15 Altar of Storms
00:20 Orc Burrow
00:59 War Mill
01:26 Barracks
01:31 Orc Burrow
01:57 Altar of Storms
02:42 Watch Tower
02:44 Watch Tower
02:47 Watch Tower
03:14 Watch Tower
03:29 Watch Tower
03:39 Watch Tower
04:00 Watch Tower
04:08 Watch Tower
04:22 Watch Tower
04:26 Watch Tower
04:46 Watch Tower
05:22 Watch Tower
05:25 Stronghold
05:45 Watch Tower
06:45 Watch Tower
06:59 Watch Tower
07:14 Voodoo Lounge
07:58 Watch Tower
08:25 Watch Tower
08:43 Beastiary
09:14 Watch Tower
09:58 Great Hall
11:43 Watch Tower
13:34 Fortress
14:50 Orc Burrow
20:21 Watch Tower
20:25 Watch Tower
21:30 Watch Tower
21:34 Watch Tower
23:10 Watch Tower
24:49 Watch Tower
26:00 Watch Tower
27:20 Watch Tower
29:26 Watch Tower
30:54 Watch Tower
32:36 Watch Tower
32:48 Orc Burrow
32:50 Orc Burrow
32:53 Orc Burrow
33:50 Watch Tower
34:09 Orc Burrow
34:11 Orc Burrow
38:34 Beastiary
40:03 Watch Tower
41:12 Watch Tower
42:59 Watch Tower
45:23 Watch Tower
45:50 Watch Tower
48:35 Watch Tower
» items
| Boots of Speed | 2 | |
| Healing Salve | 1 | |
| Potion of Healing | 1 | |
| Orb of Lightning | 1 | |
| Lesser Clarity Potion | 2 | |
| Potion of Mana | 1 | |
| Potion of Lesser Invulnerability | 1 | |
9 total
Chat log
(00:03 / All) likebutter: sluts
(00:22 / All) IceIceTimmy: i like butter.......
(00:31 / All) GOKUMAN69: babby pleasz
(21:43 / All) MissGoodManner: sp
(21:45 / All) MissGoodManner: *so
(40:22 / All) GOKUMAN69: WHATS the DEAL with HIGHperch?
(40:28 / All) gogetit: ?
(40:41 / All) likebutter: shut up slut
(41:02 / All) GOKUMAN69: you guys dont "get" High perch
(42:47 / All) IceIceTimmy: wuss
(42:54 / All) MissGoodManner: T_T
(44:54 / All) IceIceTimmy: u guys dont get that ur fags
(45:05 / All) MissGoodManner: i, i am gay
(45:07 / All) GapInTheTooth: good manner
(45:15 / All) MissGoodManner: yesa
(45:18 / All) IceIceTimmy: yes u are what we call faggots
(45:33 / All) IceIceTimmy: u know jewish fags
(45:54 / All) likebutter: sluts
(46:08 / All) IceIceTimmy: please stop being jew bags
(48:55 / All) GOKUMAN69: ty for the level
(49:00 / All) MissGoodManner: thank you :-)
(53:50 / All) MissGoodManner: guys can we pause for a little bit my girlfriend wants me to come over
(55:31 / All) GOKUMAN69: pong
(55:42 / All) MissGoodManner: bong
(55:48 / All) MissGoodManner: (i love weed)
(55:55 / All) IceIceTimmy: u guys are faaaaags
(56:10 / All) IceIceTimmy: just leave u rhyming d-bags
(61:13 / All) GOKUMAN69: pong
(61:16 / All) GapInTheTooth: bong
(62:17 / All) GOKUMAN69: it's like we're playing retarded people
(62:20 / All) GOKUMAN69: owned
(62:23 / All) GOKUMAN69: *-*
(62:30 / All) likebutter: its like im playing a bunch of whores
(73:25 / All) IceIceTimmy: just leave u lost
(73:34 / All) IceIceTimmy: talkin trash and u sucked it up
(73:35 / All) GOKUMAN69: beat us
(73:44 / All) IceIceTimmy: we just did
(73:48 / All) GapInTheTooth: hahaha
(73:48 / All) likebutter: lose at f zero x some more
(73:51 / All) IceIceTimmy: watch the game nooblet
(73:56 / All) likebutter: goku fag
(73:57 / All) GapInTheTooth: games not over
(74:09 / All) MissGoodManner: these noobs try the highperch strategy and do not know when a true highperch is over
(74:25 / All) GapInTheTooth: yeah this is hour 2 of about 14
(74:29 / All) IceIceTimmy: its all over but u noobs r just gonna sit like fags in ur perch
(74:48 / All) likebutter: we copied you and did it better
(74:51 / All) likebutter: get over it
(78:09 / All) GOKUMAN69: pro tip
(78:18 / All) GOKUMAN69: right is the better perch
(78:28 / All) IceIceTimmy: we know but u already had it
(78:33 / All) GOKUMAN69: owned
(78:41 / All) IceIceTimmy: look at u lol
(78:46 / All) IceIceTimmy: owned nothing
(82:39 / All) IceIceTimmy: lol talk about owned
(82:47 / All) GOKUMAN69: welp
(82:49 / All) GOKUMAN69: ,,,
(82:50 / All) MissGoodManner: grats you got something we never use
(83:12 / All) GOKUMAN69: keep on rocking the lower plains noobs
(86:51 / All) MissGoodManner: my girlfriend just came over
(86:53 / All) MissGoodManner: time for a lil run
(86:56 / All) MissGoodManner: then a lil fun
(88:19 / All) gogetit: come get some
(88:30 / All) MissGoodManner: busy getting a lil from a girl
(88:39 / All) gogetit: or your hand
(88:39 / All) likebutter: dyke
(88:48 / All) MissGoodManner: bad manner
(88:50 / All) MissGoodManner: very bad manner
(88:52 / All) GOKUMAN69: Nifft Gurglebeaker in yo face
(88:53 / All) IceIceTimmy: ur mom doesnt count u perv
(89:13 / All) MissGoodManner: Shalis Darkhunter is no stranger to Land de los Perch
(94:26 / All) gogetit: how about a throwdown at the center winner take all
(94:32 / All) GOKUMAN69: no
(94:37 / All) gogetit: or are ya chicken
(94:38 / All) IceIceTimmy: or are u guys gonna be scared fags
(94:39 / All) MissGoodManner: you came for perch
(94:41 / All) gogetit: panzies
(94:42 / All) MissGoodManner: you stay for perch
(94:47 / All) IceIceTimmy: scared fags
(94:56 / All) IceIceTimmy: scared
(94:59 / All) IceIceTimmy: fags
(95:01 / All) IceIceTimmy: ice
(95:03 / All) IceIceTimmy: ice
(95:06 / All) IceIceTimmy: timmmmy
(95:39 / All) MissGoodManner: quoting a washed up white rapper
(95:46 / All) MissGoodManner: much like yourself right now
(96:05 / All) IceIceTimmy: umm no its actually south park u morom
(96:38 / All) MissGoodManner: yes and south park was a parody of that person
(96:55 / All) likebutter: shut up slut
(99:32 / All) gogetit: hey lets battle in the mid then we will leave win or loose
(99:42 / All) GOKUMAN69: no
(99:43 / All) MissGoodManner: you come for highperch
(99:46 / All) IceIceTimmy: c'mon dbags
(99:47 / All) MissGoodManner: you stay for highperch
(99:50 / All) gogetit: your a fag
(99:53 / All) IceIceTimmy: u guys know u cant win
(100:08 / All) GOKUMAN69: in a battle maybe
(100:13 / All) gogetit: u guys can stay all u want
(100:20 / All) IceIceTimmy: ur only wasting away ur own sorry little pathetic life
(100:21 / All) GOKUMAN69: cool
(106:28 / All) IceIceTimmy: afraid to get smokes cant go 1v1 nooblet
(107:16 / All) MissGoodManner: bathin apes
(108:58 / All) IceIceTimmy: scared?
(112:01 / All) MissGoodManner: greed of the noob: how one can lose a perch
(112:01 / All) GOKUMAN69: Gg no re